 Dungeon Crawl Stone Soup version 0.30-b1-2-g02819fbbbe (webtiles) character file.

Game seed: 17924965330477740991

30 Alarkh the Shooter (level 3, 26/26 HPs)
             Began as a Demonspawn Hexslinger on July 7, 2023.
             Got out of the dungeon alive.
             The game lasted 00:00:23 (480 turns).

Alarkh the Shooter (Demonspawn Hexslinger)           Turns: 480, Time: 00:00:24

Health: 26/26      AC:  2    Str: 10    XL:     3   Next: 3%
Magic:  4/4        EV: 12    Int: 16    God:
Gold:   44         SH:  0    Dex: 13    Spells: 3/4 levels left

rFire   . . .        a - +1 sling
rCold   + . .        (no shield)
rNeg    . . .        c - +0 robe
rPois   .            (no helmet)
rElec   .            (no cloak)
rCorr   .            (no gloves)
SInv    .            (no boots)
Will    .....        h - amulet of guardian spirit
Stlth   +            i - ring of protection from cold
HPRegen 0.24/turn    (no ring)
MPRegen 0.18/turn

%: guardian spirit
@: no status effects
A: magic regeneration
a: no special abilities


You escaped.
You visited 1 branch of the dungeon, and saw 2 of its levels.

You collected 44 gold pieces.

Inventory:

Hand Weapons
 a - a +1 sling (weapon)
Armour
 c - a +0 robe (worn)
Magical Staves
 e - a staff of fire
Jewellery
 h - an amulet of guardian spirit (around neck)
 i - a ring of protection from cold (left hand)
 j - an amulet of magic regeneration
Scrolls
 b - 2 scrolls of poison
 f - a scroll of amnesia {unknown}
 g - a scroll of identify {unknown}
Potions
 d - a potion of degeneration {unknown}


   Skills:
 - Level 1.0 Fighting
 + Level 3.2 Ranged Weapons
 - Level 1.7 Dodging
 - Level 1.0 Spellcasting
 - Level 3.0 Hexes


You had 3 spell levels left.
You knew the following spells:

 Your Spells              Type           Power      Damage    Failure   Level
a - Slow                  Hex            40%        N/A       7%          1

Your spell library contained the following spells:

 Spells                   Type           Power      Damage    Failure   Level
 Inner Flame              Hex/Fire       5%         N/A       36%         3
 Portal Projectile        Hex/Tloc       10%        N/A       36%         3
 Cause Fear               Hex            5%         N/A       54%         4


Dungeon Overview and Level Annotations

Branches:
Dungeon (2/15)

Altars:


Innate Abilities, Weirdness & Mutations

You regenerate magic rapidly.


Message History

HP restored.
j - an amulet of magic regeneration
Found a stone staircase leading down.
There is a dry fountain here.
There is a staircase leading out of the dungeon here.
Done exploring.
Done exploring.
Done exploring.
(D) Dungeon
Where to? (? - help)
There is a stone staircase leading down here.
You climb downwards.
Found a stone staircase leading down.
There is a stone staircase leading up here.
Natasha is nearby!
Natasha is nearby!
Natasha is nearby!
You shoot a sling bullet. The sling bullet hits Natasha.
Natasha hisses angrily.
Natasha is moderately wounded.
You shoot a sling bullet. The sling bullet hits Natasha!
Natasha is severely wounded.
Natasha mumbles some strange words.
You shoot a sling bullet. The sling bullet hits Natasha!
You kill Natasha!
Natasha growls in agony!
The cerulean imp disappears in a puff of smoke!
Your Ranged Weapons skill increases to level 3!
You have reached level 2!
Your demonic ancestry asserts itself...
Your magic begins to regenerate rapidly.
You have reached level 3!
Your experience leads to an increase in your attributes!
Increase (S)trength, (I)ntelligence, or (D)exterity?
You feel clever. x2
You climb upwards.
There is a stone staircase leading down here.
There is a staircase leading out of the dungeon here.
Are you sure you want to leave the Dungeon?
This will make you lose the game!
You have escaped!

##.#.# #######
#..#.#
#.....###.##.#
#.###.....##.#
#.........##.#
#........##..#
#..⌠......#.##
#.........#.# #
#...>@.∩....# #
#...........# #
##..⌠........#
#
#...........##
##
#..........##
.####
####.######..##
....####....#
#..##
###...##.####
#.## ###.##.#
#.#


There were no monsters in sight!

Vanquished Creatures
  Natasha (D:2)
  A bat (D:1)
  An endoplasm (D:1)
  A goblin (D:1)
  A kobold (D:1)
  A rat (D:1)
6 creatures vanquished.

Notes
Turn   | Place    | Note
-------+----------+-------------------------------------------
     0 | D:1      | Alarkh the Demonspawn Hexslinger began the quest for the
                  | Orb.
     0 | D:1      | Reached XP level 1. HP: 15/15 MP: 2/2
   450 | D:2      | Noticed Natasha
   453 | D:2      | Noticed a cerulean imp
   453 | D:2      | Killed Natasha
   454 | D:2      | Gained mutation: You regenerate magic rapidly. [demonic
                  | ancestry]
   454 | D:2      | Reached XP level 2. HP: 21/21 MP: 3/3
   454 | D:2      | Reached XP level 3. HP: 26/26 MP: 4/4
   480 | D:$      | Got out of the dungeon alive.

Illustrated notes

Levels and vault maps discovered:
D:1:      wander_arrival_desolate, layout_rooms, hex_large
D:2:      layout_basic, serial_shops, shop, uniq_sigmund, uniq_natasha,
          uniq_terence

Skill      XL: |  1 |
---------------+----+-----
Ranged Weapons | 3 |  3.2
Fighting       | |  1.0
Dodging        | |  1.7
Spellcasting   | |  1.0
Hexes          | |  3.0

Action                     || total
---------------------------++-------
   Fire: Sling             ||    15
 Armour: Robe              ||     1
  Dodge: Dodged            ||     5
